 Dungeon Crawl Stone Soup version 0.28.0-1-gb440e238dd (webtiles) character file.

Game seed: 16657118310710401796

122 Hasart the Sneak (level 4, 0/24 HPs)
             Began as a Vampire Enchanter on Feb 21, 2022.
             Slain by a gnoll shaman (10 damage)
             ... on level 2 of the Dungeon.
             The game lasted 00:06:19 (2426 turns).

Hasart the Sneak (Vampire Enchanter)                Turns: 2426, Time: 00:06:19

Health: 0/24       AC:  2    Str:  7    XL:     4   Next: 78%
Magic:  0/7        EV: 13    Int: 19    God:
Gold:   176        SH:  0    Dex: 14    Spells: 3/8 levels left

rFire   . . .      SeeInvis +   a - +1 dagger
rCold   + + .      Faith    .   (no shield)
rNeg    + + +      Spirit   .   b - +0 robe
rPois   ∞          Reflect  .   (no helmet)
rElec   .          Harm     .   (no cloak)
rCorr   .          Rampage  .   (no gloves)
Will    .....                   (no boots)
Stlth   ++........              (no amulet)
HPRegen 0.00/turn               (no ring)
MPRegen 0.10/turn               (no ring)

@: lit by a corona, bloodless, inhibited regen, glowing
A: bloodless, fangs 3, see invisible, vampiric 2
a: Bat Form, Revivify


You were on level 2 of the Dungeon.
You visited 1 branch of the dungeon, and saw 3 of its levels.

You collected 176 gold pieces.

Inventory:

Hand Weapons
 a - a +1 dagger (weapon)
 n - a +0 rapier
Missiles
 l - 2 throwing nets
Armour
 b - a +0 robe (worn)
Wands
 f - a wand of acid (10)
Scrolls
 e - a scroll of teleportation
Potions
 c - a potion of invisibility
 d - a potion of haste {unknown}
 g - a potion of resistance {unknown}
 h - 2 potions of curing
 i - a potion of attraction {unknown}
 j - a potion of magic {unknown}
 k - 2 potions of might


   Skills:
 + Level 2.2 Short Blades
 + Level 3.0 Dodging
 + Level 5.4 Stealth
 + Level 2.6 Spellcasting
 + Level 5.2 Hexes
 + Level 1.2 Ice Magic


You had 3 spell levels left.
You knew the following spells:

 Your Spells              Type           Power      Damage    Failure   Level
a - Ensorcelled Hibernat  Hex/Ice        28%        N/A       6%          2
b - Confusing Touch       Hex            22%        N/A       5%          3

Your spell library contained the following spells:

 Spells                   Type           Power      Damage    Failure   Level
 Tukima's Dance           Hex            22%        N/A       5%          3
 Animate Skeleton         Necr           4%         N/A       16%         1
 Apportation              Tloc           4%         N/A       16%         1
 Summon Small Mammal      Summ           8%         N/A       16%         1
 Dazzling Flash           Conj/Hex       24%        N/A       16%         3


Dungeon Overview and Level Annotations

Branches:
Dungeon (3/15)

Altars:
Ashenzari
Xom

Shops:
D:1 (   D:3 =

Annotations:
D:2 1 runed translucent door, Crazy Yiuf


Innate Abilities, Weirdness & Mutations

You do not regenerate when monsters are visible.
You are frail without blood (-20% HP).
You can heal yourself when you bite living creatures.
You are immune to poison.
You have razor-sharp teeth.
You have supernaturally acute eyesight. (SInv)
You are afflicted with vampirism and can become a bat while bloodless.


Message History

Confirm with . or Enter, or press ? or * to list all spells.
Aiming: Ensorcelled Hibernation (safe; 6% risk of failure)
Press: ? - help, Shift-Dir - straight line, f/p - gnoll
Aim: a gnoll, wielding a +0 flail (chance to affect: 56%)
The gnoll resists with significant effort.
The gnoll misses you.
Unknown command.
Casting: Ensorcelled Hibernation (safe; 6% risk of failure)
Confirm with . or Enter, or press ? or * to list all spells.
Aiming: Ensorcelled Hibernation (safe; 6% risk of failure)
Press: ? - help, Shift-Dir - straight line, f/p - gnoll
Aim: a gnoll, wielding a +0 flail (chance to affect: 56%)
You miscast Ensorcelled Hibernation.
You are very lightly contaminated with residual magic.
Nothing appears to happen.
Unknown command.
Casting: Ensorcelled Hibernation (safe; 6% risk of failure)
Confirm with . or Enter, or press ? or * to list all spells.
You don't have enough magic to cast this spell.
Unknown command.
Unknown command.
The gnoll shaman calls upon its god to speed up the gnoll.
The gnoll seems to speed up.
The gnoll shaman mumbles some strange prayers to its god against you.
You are outlined in light.
There is a stone staircase leading up here.
Your magical contamination has completely faded away.
The gnoll shaman hits you with a +0 club.
You climb upwards.
Level annotation: 1 runed translucent door, Crazy Yiuf
There is a stone staircase leading down here.
Casting: Ensorcelled Hibernation (safe; 6% risk of failure)
Confirm with . or Enter, or press ? or * to list all spells.
The spell is quite dangerous to miscast (5% risk of failure)!
Continue anyway?
Your hands begin to glow red.
The gnoll shaman hits you with a +0 club!
You hit the gnoll shaman but do no damage.
The gnoll shaman appears confused.
The gnoll shaman hits you with a +0 club!
You die...

#.###..........(.# #......
####...÷...........## #......
.........#..###...## ##.....
.....###...## ###..###### ##....
....##....## ##......# ###.#
>...##.#..# ######.# ###.#
..####.#.## #.## #..<.
(####.<#>##############..####....
.###...........g@................
.##.......##############..###....
.#....##### ##....####
......######### ####..#
>....###......# ##.#
#.######......#### #.###
..##.............############....
####.###......##.................
.....# #......###################


You could see a gnoll shaman (confused).

Vanquished Creatures
  4 gnolls
  3 adders
  2 worms (D:2)
  A dart slug (D:1)
  5 endoplasms
  A giant cockroach (D:3)
  6 goblins
  4 hobgoblins
  2 quokkas
  6 ball pythons
  6 bats
  A frilled lizard (D:3)
  4 kobolds
  3 rats
48 creatures vanquished.

Vanquished Creatures (others)
  9 plants (D:3)
9 creatures vanquished.

Grand Total: 57 creatures vanquished

Notes
Turn   | Place    | Note
-------+----------+-------------------------------------------
     0 | D:1      | Hasart the Vampire Enchanter began the quest for the Orb.
     0 | D:1      | Reached XP level 1. HP: 13/13 MP: 3/3
   126 | D:1      | Reached XP level 2. HP: 19/19 MP: 5/5
   222 | D:1      | Found Letitwung's Weapon Boutique.
   275 | D:1      | Gained mutation: You are afflicted with vampirism and can
                  | become a bat while bloodless. [Vampire growth]
   275 | D:1      | Reached XP level 3. HP: 20/24 MP: 6/6
   278 | D:1      | Learned a level 2 spell: Ensorcelled Hibernation
   282 | D:1      | Learned a level 3 spell: Confusing Touch
   547 | D:2      | Reached skill level 5 in Stealth
   684 | D:2      | Reached skill level 5 in Hexes
   684 | D:2      | Reached XP level 4. HP: 24/24 MP: 7/7
   943 | D:2      | Found a shimmering altar of Xom.
  1031 | D:2      | Found a runed translucent door.
  1032 | D:2      | Noticed Crazy Yiuf
  1102 | D:2      | Identified the +7 dagger of the Thieving Hawk {distort, rF+
                  | Int+4}
  1107 | D:2      | Reached skill level 1 in Ice Magic
  1498 | D:3      | Found Roraceu's Jewellery Emporium.
  1860 | D:3      | Found a broken altar of Ashenzari.
  2426 | D:2      | Slain by a gnoll shaman

Illustrated notes

Levels and vault maps discovered:
D:1:      zaba_arrival_water, layout_rooms, serial_shops, nicolae_shop_stone,
          minmay_misc_feat_room
D:2:      layout_rooms, basic_altar, uniq_crazy_yiuf_cottage
D:3:      layout_loops_ring, nicolae_ashenzari_skybound, serial_shops,
          shop_fountains, grunt_decor_junction, minmay_parallelograms,
          nicolae_grassy_gnolls

Skill      XL: |  1  2  3  4 |
---------------+-------------+-----
Stealth        | 5 |  5.4
Short Blades   | 2 |  2.2
Hexes          | 5 |  5.2
Ice Magic      | 1 |  1.2
Dodging        | 3 |  3.0
Spellcasting   | |  2.6

Action                   |  1- 3 |  4- 6 || total
-------------------------+-------+-------++-------
Melee: Dagger            |    56 |    79 ||   135
       Bite              |     6 |     5 ||    11
 Cast: Ensorcelled Hiber |     1 |    15 ||    16
       Confusing Touch   |       |     1 ||     1
 Abil: Exsanguinate      |     1 |       ||     1
  Use: Scroll            |       |     4 ||     4
 Stab: Sleeping          |     8 |    12 ||    20
Armor: Robe              |     7 |    15 ||    22
Dodge: Dodged            |    32 |    69 ||   101
